 Dungeon Crawl Stone Soup version 0.29.1-12-g30fa7ad0bf (webtiles) character file.

Game seed: 14496299895580060369

55623 cheesebisquit the Hoplite (level 14, -7/111 HPs)
             Began as a Minotaur Berserker on Dec 12, 2022.
             Was a Priest of Trog.
             Mangled by an ice devil (12 damage)
             ... summoned by an obsidian statue
             ... on level 5 of the Lair of Beasts on Dec 13, 2022.
             The game lasted 01:29:05 (22592 turns).

cheesebisquit the Hoplite (Minotaur Berserker)     Turns: 22592, Time: 01:29:06

Health: -7/111     AC: 12    Str: 33    XL:     14   Next: 39%
Magic:  13/13      EV: 12    Int:  4    God:    Trog [***...]
Gold:   1567       SH: 15    Dex: 10    Spells: 13/13 levels left

rFire   . . .      SeeInvis .   Q - +4 war axe
rCold   . . .      Faith    .   K - +0 kite shield
rNeg    . . .      Spirit   .   e - +0 plate armour
rPois   .          Reflect  .   V - +1 hat
rElec   .          Harm     .   p - scarf {+Inv}
rCorr   .          Rampage  .   h - +0 pair of gloves
Will    +++..                   M - +0 pair of boots
Stlth   ..........              (no amulet)
HPRegen 1.28/turn               m - +6 ring of strength
MPRegen 0.13/turn               I - +4 ring of evasion

@: strong-willed, corroded, on berserk cooldown, mesmerised, regenerating,
slowed, very slow
A: horns 2, retaliatory headbutt
a: Renounce Religion, Evoke Invisibility, Berserk, Trog's Hand


You were on level 5 of the Lair of Beasts.
You worshipped Trog.
Trog was most pleased with you.
You visited 2 branches of the dungeon, and saw 17 of its levels.

You collected 1567 gold pieces.

Inventory:

Hand Weapons
 v - a +0 executioner's axe
 O - a +0 hand axe of flaming
 Q - a +4 war axe (weapon)
Missiles
 c - 160 stones (quivered)
 j - 31 poisoned darts
 x - 9 curare-tipped darts
 H - 9 atropa-tipped darts
 L - 3 throwing nets
Armour
 e - a +0 plate armour (worn)
 h - a +0 pair of gloves (worn)
 p - a scarf of invisibility (worn)
 K - a +0 kite shield (worn)
 M - a +0 pair of boots (worn)
 V - a +1 hat (worn)
Jewellery
 m - a +6 ring of strength (left hand)
 I - a +4 ring of evasion (right hand)
 N - a ring of resist corrosion
 S - a ring of poison resistance
Wands
 d - a wand of flame (7)
 g - a wand of roots (4)
 r - a wand of charming (9)
 s - a wand of light (5)
 u - a wand of digging (6)
 U - a wand of polymorph (4)
 Y - a wand of mindburst (4)
Scrolls
 a - a scroll of blinking {unknown}
 i - a scroll of vulnerability {unknown}
 n - 2 scrolls of brand weapon {unknown}
 w - 4 scrolls of teleportation
 y - 2 scrolls of fear {unknown}
 z - 3 scrolls of magic mapping
 F - 2 scrolls of silence {unknown}
 G - 6 scrolls of poison
 R - a scroll of summoning
 X - a scroll of enchant armour {unknown}
 Z - 2 scrolls of immolation {unknown}
Potions
 b - a potion of ambrosia {unknown}
 f - a potion of resistance
 k - 2 potions of invisibility
 l - 5 potions of curing
 o - 3 potions of magic
 q - 2 potions of haste
 t - a potion of lignification
 A - 5 potions of attraction
 B - a potion of mutation {unknown}
 C - a potion of berserk rage {unknown}
 D - 3 potions of degeneration {unknown}
 E - 4 potions of cancellation
 P - 4 potions of might
 T - 2 potions of flight {unknown}
 W - 3 potions of heal wounds
Miscellaneous
 J - a phantom mirror


   Skills:
 - Level 6.9 Fighting
 - Level 18.0 Axes
 - Level 6.3 Armour
 - Level 2.7 Dodging
 + Level 22.2 Shields


You had 13 spell levels left.
You didn't know any spells.
Your spell library was empty.

Dungeon Overview and Level Annotations

Branches:
Dungeon (12/15)            Temple (0/1) D:5            Lair (5/5) D:10
  Swamp (0/4) Lair:3       Spider (0/4) Lair:2        Slime (0/5) Lair:5
    Orc (0/2) D:10

Altars:
Ashenzari
Gozag
Hepliaklqana
Kikubaaqudgha
Nemelex Xobeh
Okawaru
Vehumet
Xom
Yredelemnul
Zin
The Shining One
Jiyva

Shops:
D:4 (

Annotations:
D:3 2 transporters, Menkaure
Lair:5 exclusion: obsidian statue


Innate Abilities, Weirdness & Mutations

You have a pair of horns on your head.
You reflexively headbutt those who attack you in melee.


Message History

You headbutt the quasit! The quasit completely misses you.
The quasit barely misses you.
You barely miss the ice devil.
You headbutt the ice devil, but do no damage.
The ice devil is moderately wounded.
You hit the quasit but do no damage. You barely miss the ufetubus.
You block the ufetubus's attack. x2; The quasit barely misses you.
You furiously retaliate!
You headbutt the quasit.
You kill the quasit!
The quasit disappears in a puff of smoke!
The ice devil hits you! The ice devil freezes you!!
The ufetubus closely misses you.
The ufetubus hits you but does no damage.
The obsidian statue's eyes glow briefly.
The obsidian statue draws you further into its thrall.
You hit the ice devil but do no damage.
You headbutt the ice devil, but do no damage.
The ice devil is moderately wounded.
You slash the ufetubus!
You kill the ufetubus!
The ufetubus disappears in a puff of smoke!
You block the ice devil's attack.
You slash the ice devil!
You headbutt the ice devil, but do no damage.
The ice devil is heavily wounded.
The ice devil hits you. The ice devil freezes you!
* * * LOW HITPOINT WARNING * * *
The obsidian statue's eyes glow briefly.
You block the ice devil's attack.
Your skin crawls.
You feel strong-willed.
You can no longer call in reinforcements.
You block the orange demon's attack. The ice devil hits you.
* * * LOW HITPOINT WARNING * * *
The ice devil freezes you!
* * * LOW HITPOINT WARNING * * *
The ice devil hits you.
* * * LOW HITPOINT WARNING * * *
The ice devil freezes you!
You die...

..##♣♣♣# #.####
) #....####
8####
####....#+#
##### ####.#.#
#=## #...# #+##
#..8# ♣♣8♣#
#++#''####♣♣..4#
#.....#.#..44@#
#.P.........♣.#
###.....P..♣♣##
#..#.#..♣♣
#########


You could see an obsidian statue (mesmerising), an orange demon (summoned) and 2
ice devils.

Vanquished Creatures
  A minotaur (Lair:3)
  2 boulder beetles
  An ice dragon (Lair:3)
  4 hydras
  6 two-headed ogres
  5 death yaks (Lair:5)
  2 spectral dire elephants (Lair:5)
  Lodul (D:12)
  Pikel (D:6)
  3 bog bodies (Lair:3)
  2 necromancers (Lair:5)
  An ugly thing (D:12)
  2 manticores
  6 black mambas
  The ghost of warriortoast the Sneak, a novice SpHu (D:6)
  18 elephants
  A gargoyle (D:10)
  A torpor snail (Lair:1)
  Maggie (D:6)
  7 cane toads
  2 rime drakes (Lair:5)
  An unseen horror (D:11)
  11 komodo dragons
  5 polar bears
  A troll (D:9)
  6 blink frogs
  Grinder (D:6)
  2 slime creatures (Lair:5)
  2 dream sheep (D:10)
  4 culicivoras (Lair:2)
  5 wyverns
  A shadow (D:12)
  A vampire (D:12)
  2 basilisks
  53 yaks
  A death yak simulacrum (Lair:5)
  10 vampire mosquitoes (D:12)
  Edmund (D:6)
  A swamp worm (Lair:3)
  An acid dragon (D:10)
  11 water moccasins
  3 orc warriors
  2 black bears
  A sky beast (D:6)
  5 ice beasts
  14 wolves
  11 ogres
  3 centaurs
  An elephant zombie (Lair:5)
  2 elephant skeletons (Lair:5)
  A phantom (D:5)
  A lemure (D:6)
  5 kobold brigands
  11 bullfrogs
  A gnoll sergeant (D:9)
  2 necrophages (D:6)
  A cane toad simulacrum (Lair:5)
  7 wights
  An elephant simulacrum (Lair:5)
  12 killer bees
  6 howler monkeys
  4 electric eels
  3 hounds
  9 orc priests
  Crazy Yiuf (D:3)
  5 jellies
  3 gnoll boudas
  7 orc wizards
  3 iguanas
  9 hell rats
  16 gnolls
  11 adders
  A shadow imp (D:6)
  4 white imps
  An ufetubus (D:6)
  A worm (D:4)
  4 dart slugs
  33 orcs
  9 endoplasms
  3 giant cockroaches
  11 hobgoblins
  7 jackals
  18 kobolds
  A quokka (D:2)
  4 ball pythons
  7 bats
  4 frilled lizards
  12 goblins
  6 rats
475 creatures vanquished.

Vanquished Creatures (collateral kills)
  The ghost of Tang the Severer, a journeyman PaBe of Trog (Lair:3)
  A kobold brigand (D:10)
2 creatures vanquished.

Vanquished Creatures (others)
  23 fungi
  80 plants
  30 withered plants (Lair:5)
133 creatures vanquished.

Grand Total: 610 creatures vanquished

Notes
Turn   | Place    | Note
-------+----------+-------------------------------------------
     0 | D:1      | cheesebisquit the Minotaur Berserker began the quest for
                  | the Orb.
     0 | D:1      | Reached XP level 1. HP: 19/19 MP: 0/0
   311 | D:1      | Found a faded altar of an unknown god.
   317 | D:1      | Reached XP level 2. HP: 27/27 MP: 1/1
   974 | D:2      | Found a glowing golden altar of the Shining One.
   983 | D:2      | Identified the +1 leather armour of Watchfulness {Fly Will+
                  | Int+2 Stlth+}
  1049 | D:2      | Reached XP level 3. HP: 29/33 MP: 2/2
  1695 | D:2      | Reached ** piety under Trog
  1847 | D:3      | Found a basalt altar of Yredelemnul.
  1847 | D:3      | Found an ancient bone altar of Kikubaaqudgha.
  1847 | D:3      | Noticed Menkaure
  1850 | D:3      | Found a transporter.
  1868 | D:3      | Reached skill level 5 in Axes
  1868 | D:3      | Reached XP level 4. HP: 40/40 MP: 3/3
  1895 | D:3      | Found a transporter.
  2343 | D:3      | Found a runed translucent door.
  2344 | D:3      | Noticed Crazy Yiuf
  2444 | D:3      | Reached XP level 5. HP: 34/46 MP: 4/4
  2722 | D:3      | Found a glowing silver altar of Zin.
  2722 | D:3      | Found a sparkling altar of Nemelex Xobeh.
  2879 | D:3      | Killed Crazy Yiuf
  2985 | D:4      | Found Qyriot's Antique Weapon Shoppe.
  3123 | D:4      | Reached XP level 6. HP: 38/52 MP: 5/5
  3308 | D:4      | Reached *** piety under Trog
  3593 | D:4      | Reached XP level 7. HP: 59/59 MP: 6/6
  3816 | D:5      | Entered Level 5 of the Dungeon
  3886 | D:5      | Reached skill level 10 in Axes
  4393 | D:5      | Reached XP level 8. HP: 66/66 MP: 7/7
  4400 | D:5      | Found a staircase to the Ecumenical Temple.
  4475 | D:5      | Found a hazy altar of Hepliaklqana.
  4620 | D:6      | Noticed Pikel
  4629 | D:6      | Killed Pikel
  5148 | D:6      | Identified the +0 ring mail "Haocved" {rN+ Regen+ SInv}
  5237 | D:6      | Noticed Maggie
  5252 | D:6      | Killed Maggie
  5253 | D:6      | Reached XP level 9. HP: 67/71 MP: 8/8
  5253 | D:6      | Noticed Grinder
  5260 | D:6      | Killed Grinder
  5276 | D:6      | Found a runed translucent door.
  5276 | D:6      | Noticed warriortoast's ghost (novice SpHu)
  5554 | D:6      | Found an opulent altar of Gozag.
  5560 | D:6      | Reached skill level 15 in Axes
  5885 | D:6      | Identified the +5 spear "Ihec" {vorpal, rElec rF- SInv}
  5985 | D:6      | Noticed Edmund
  5992 | D:6      | Killed Edmund
  6529 | D:7      | Found a shimmering altar of Xom.
  7033 | D:7      | Found a basalt altar of Yredelemnul.
  7479 | D:6      | Killed warriortoast's ghost
  7480 | D:6      | Reached XP level 10. HP: 78/78 MP: 9/9
  7555 | D:7      | Reached **** piety under Trog
  7695 | D:7      | Found a shimmering altar of Xom.
  8354 | D:8      | Found a radiant altar of Vehumet.
  8554 | D:9      | Reached skill level 5 in Fighting
  8569 | D:9      | Reached skill level 5 in Armour
  8569 | D:9      | Found a glowing golden altar of the Shining One.
  8584 | D:9      | Noticed a two-headed ogre
  8595 | D:9      | Killed a two-headed ogre
  9803 | D:9      | Found a broken altar of Ashenzari.
  9943 | D:10     | Entered Level 10 of the Dungeon
  9956 | D:9      | Reached skill level 1 in Shields
 10108 | D:9      | Reached skill level 2 in Shields
 10108 | D:9      | Reached XP level 11. HP: 59/91 MP: 10/10
 10114 | D:9      | Reached skill level 3 in Shields
 10395 | D:10     | Noticed a two-headed ogre
 10402 | D:10     | Killed a two-headed ogre
 10403 | D:10     | Reached skill level 4 in Shields
 10461 | D:10     | Found a staircase to the Lair.
 10462 | D:10     | Found a flagged portal.
 10470 | D:10     | Reached skill level 5 in Shields
 10599 | D:10     | Reached skill level 6 in Shields
 10615 | D:10     | Reached skill level 7 in Shields
 10968 | D:10     | Found an iron altar of Okawaru.
 11143 | D:10     | Noticed a two-headed hydra
 11170 | D:10     | Killed a seven-headed hydra
 11171 | D:10     | Reached skill level 8 in Shields
 11494 | D:10     | Found a staircase to the Orcish Mines.
 11674 | D:11     | Noticed a boulder beetle
 11683 | D:11     | Killed a boulder beetle
 11684 | D:11     | Reached skill level 9 in Shields
 11971 | D:11     | Reached skill level 10 in Shields
 12009 | D:11     | Noticed a two-headed ogre
 12017 | D:11     | Killed a two-headed ogre
 12071 | D:11     | Noticed a two-headed ogre
 12076 | D:11     | Killed a two-headed ogre
 12077 | D:11     | Reached skill level 11 in Shields
 12362 | D:12     | Noticed a two-headed ogre
 12367 | D:12     | Killed a two-headed ogre
 12368 | D:12     | Reached skill level 12 in Shields
 12414 | D:12     | Noticed Lodul
 12426 | D:12     | Reached XP level 12. HP: 90/97 MP: 11/11
 12440 | D:12     | Killed Lodul
 12813 | D:12     | Reached skill level 13 in Shields
 13313 | D:12     | Noticed a two-headed ogre
 13320 | D:12     | Killed a two-headed ogre
 13720 | D:12     | Reached skill level 14 in Shields
 14264 | Lair:1   | Entered Level 1 of the Lair of Beasts
 14752 | Lair:1   | Reached skill level 15 in Shields
 16090 | Lair:2   | Found a hole to the Spider Nest.
 16250 | Lair:2   | Reached skill level 16 in Shields
 16419 | Lair:2   | Noticed a six-headed hydra
 16426 | Lair:2   | Killed a ten-headed hydra
 17314 | Lair:3   | Reached skill level 17 in Shields
 17314 | Lair:3   | Reached XP level 13. HP: 104/104 MP: 12/12
 17531 | Lair:3   | Found a runed translucent gate.
 17532 | Lair:3   | Found a runed translucent gate.
 17533 | Lair:3   | Found a runed translucent gate.
 17534 | Lair:3   | Noticed a minotaur
 17556 | Lair:3   | Noticed Tang's ghost (journeyman PaBe)
 18236 | Lair:3   | Reached skill level 18 in Shields
 18518 | Lair:3   | Found a staircase to the Swamp.
 18714 | Lair:3   | Killed Tang's ghost
 18726 | Lair:3   | Killed a minotaur
 18727 | Lair:3   | Reached skill level 19 in Shields
 19998 | Lair:5   | Entered Level 5 of the Lair of Beasts
 20036 | Lair:5   | Reached skill level 20 in Shields
 20568 | Lair:5   | Found a viscous altar of Jiyva.
 20568 | Lair:5   | Found a staircase to the Slime Pits.
 20994 | Lair:5   | Reached XP level 14. HP: 111/111 MP: 13/13
 21219 | Lair:5   | Reached skill level 21 in Shields
 22404 | Lair:5   | Reached skill level 22 in Shields
 22592 | Lair:5   | HP: 5/111 [ice devil[an obsidian statue] (6)]
 22592 | Lair:5   | Mangled by an ice devil

Illustrated notes

Levels and vault maps discovered:
D:1:      matt_arrival_grand_opening, layout_loops_corners,
          basic_ecumenical_altar, minmay_misc_feat_rows, grunt_decor_one_mirror
D:2:      layout_loops_ring, basic_altar, minmay_tripent
D:3:      minmay_evil_eye, layout_loops_cross, gammafunk_temple_of_torment,
          gammafunk_temple_overflow_wave, uniq_crazy_yiuf_cottage
D:4:      cheibrodos_thug_alley, layout_basic, serial_shops,
          nicolae_stop_n_shop_1, grunt_decor_mini_mirrors
D:5:      layout_cave_pools, nzn_hepliaklqana_mist_gate,
          minmay_temple_entry_statues_pillars, uniq_menkaure
D:6:      layout_basic, nicolae_overflow_crystal_walls, ebering_ghost_sewer_d,
          serial_bayou_lagoon_a, amcnicky_mini_pool_medium, uniq_maggie,
          uniq_grinder, uniq_edmund, uniq_pikel
D:7:      layout_basic, kennysheep_mini, serial_aquarium, aquarium_bridge_square
          [aquarium_subvault_wall, aquarium_subvault_bridge,
          aquarium_subvault_bridge, aquarium_subvault_balcony],
          aquarium_bridge_straight [aquarium_subvault_bridge,
          aquarium_subvault_wall, aquarium_subvault_bridge,
          aquarium_subvault_window], aquarium_window_1, aquarium_window_corner,
          aquarium_view_2d, hangedman_feature_mirror
D:8:      layout_cave_pools, kennysheep_little_box
D:9:      layout_basic, tso_metal_star, mainiacjoe_overflow_alcove_4,
          chequers_serial_rivers_marsh, st_stairs_6
D:10:     layout_basic, mainiacjoe_overflow_boulevard, dpeg_oklobed_lair,
          minmay_orc_entry_temple_small, enter_bailey_3, hangedman_ranch
D:11:     layout_roguey
D:12:     layout_stronghold, amcnicky_mini_corridor_feature,
          chequers_serial_rivers_large_b, uniq_lodul
Lair:1:   layout_small_grid
Lair:2:   layout_gridlike, hellmonk_spider_entry_life_and_decay,
          grunt_megastairs_3, infiniplex_staircase_pool
Lair:3:   layout_chaotic_city, nicolae_swamp_entry_splash_gauntlet,
          maelrawn_ghost_gauntlet_escape,
          portal_ice_cave_entry_animals_and_master, grunt_megastairs_2
Lair:4:   layout_small_grid, lemuel_fruit_tree
Lair:5:   due_jungle_book, layout_concentric_octagons,
          minmay_slime_entry_pillars

Skill      XL: |  1  2  3  4  5  6  7  8  9 10 11 12 13 14 |
---------------+-------------------------------------------+-----
Fighting       | 4 6 |  6.9
Axes           | 4 5 6 7 9 11 14 16 18 | 18.0
Armour         | 3 6 |  6.3
Shields        | 2 12 17 20 22 | 22.2
Dodging        | |  2.7

Action                   |  1- 3 |  4- 6 |  7- 9 | 10-12 | 13-15 || total
-------------------------+-------+-------+-------+-------+-------++-------
Melee: Hand axe          |   103 |    99 |       |       |       ||   202
       Headbutt          |     9 |    19 |    21 |   107 |   132 ||   288
       Punch             |     1 |     2 |       |       |       ||     3
       Executioner's axe |       |    29 |   180 |   118 |       ||   327
       War axe           |       |       |       |   403 |   482 ||   885
Throw: Stone             |       |     2 |       |     1 |       ||     3
Invok: Berserk           |       |     2 |     7 |    27 |    21 ||    57
       Trog's Hand       |       |     1 |     1 |     6 |     8 ||    16
       Brothers in Arms  |       |       |       |     1 |       ||     1
  Use: Scroll            |       |       |     6 |     5 |     6 ||    17
       Potion            |       |       |     1 |    11 |     3 ||    15
Armor: Scale mail        |    55 |    49 |    63 |    53 |       ||   220
       Plate armour      |       |       |       |    64 |   143 ||   207
       Skin              |       |       |       |     4 |       ||     4
Dodge: Dodged            |    60 |    49 |    90 |   226 |   180 ||   605
Block: Kite shield       |       |       |       |   162 |   332 ||   494
